 Dungeon Crawl Stone Soup version 0.20-a0-1040-gfd09691 (webtiles) character file.

426 esteth the Cleaver (level 6, -10/51 HPs)
             Began as a Minotaur Fighter on Apr 23, 2017.
             Was a Follower of Makhleb.
             Killed from afar by Ijyb (17 damage)
             ... with a wand of lightning (?/15)
             ... on level 3 of the Dungeon.
             The game lasted 00:05:28 (2860 turns).

esteth the Cleaver (Minotaur Fighter)               Turns: 2860, Time: 00:05:29

Health: -10/51     AC:  6    Str: 21    XL:     6   Next: 64%
Magic:  5/5        EV:  7    Int:  5    God:    Makhleb [*.....]
Gold:   128        SH:  9    Dex: 11    Spells: 5/5 levels left

rFire    . . .     SeeInvis .   a - +0 war axe
rCold    . . .     Gourm    .   c - +0 shield
rNeg     . . .     Faith    .   b - +0 scale mail
rPois    .         Spirit   .   h - +0 hat
rElec    .         Reflect  .   (no cloak)
rCorr    .         Harm     .   (no gloves)
MR       .....                  (no boots)
Stlth    ..........             (no amulet)
Regen    0.2/turn               (no ring)
MPRegen  0.1/turn               (no ring)

@: flying
A: retaliatory headbutt, horns 2
a: Renounce Religion


You were on level 3 of the Dungeon.
You worshipped Makhleb.
Makhleb was aware of your devotion.
You were not hungry.

You visited 1 branch of the dungeon, and saw 3 of its levels.

You collected 128 gold pieces.

Inventory:

Hand Weapons
 a - a +0 war axe (weapon)
Armour
 b - a +0 scale mail (worn)
 c - a +0 shield (worn)
 h - a +0 hat (worn)
Scrolls
 d - a scroll of immolation {unknown}
 g - 2 scrolls of teleportation {unknown}
 i - a scroll of fear {unknown}
 k - 2 scrolls of identify {unknown}
 m - a scroll of recharging {unknown}
Potions
 e - a potion of curing {unknown}
 j - a potion of heal wounds {unknown}
 l - a potion of flight
 n - 2 potions of berserk rage {unknown}
 o - a potion of agility {unknown}
Comestibles
 f - 2 bread rations
 p - a meat ration


   Skills:
 - Level 3.6 Fighting
 + Level 8.7 Axes
 - Level 3.6 Armour
 - Level 3.6 Shields


You had 5 spell levels left.
You didn't know any spells.

Dungeon Overview and Level Annotations

Branches:
Dungeon (3/15)

Altars:
Dithmenos
Fedhas
Gozag
Makhleb
Trog
Xom

Annotations:
D:3 Ijyb


Innate Abilities, Weirdness & Mutations

You reflexively headbutt those who attack you in melee.
You have a pair of horns on your head.


Message History

Found 29 sling bullets.
Found a stone staircase leading up.
All of the chunks of flesh in your inventory have rotted away.
You see here 29 sling bullets.
o - a golden potion
There is an open door here.
Ijyb the Twisted Goblin comes into view.
She is wielding a dagger.
Ijyb shouts!
Found 4 fruits.
Found a blossoming altar of Fedhas.
Ijyb zaps a wand.
The bolt of lightning hits you!
It is a wand of lightning (?/15).
Found 2 fruits.
Ijyb zaps a wand.
The bolt of lightning hits you!
* * * LOW HITPOINT WARNING * * *
It was a potion of flight.
You feel very buoyant.
You fly up into the air.
There is an open door here.
Ijyb zaps a wand.
The bolt of lightning hits you!
You die...

♣♣...♣♣ #..# #...#
♣.....♣♣♣♣♣#.># #...#
###.####......# #...#
#.g.........# #)..#
######g.....# #...#
#......# ##...# ####'#.#
#....# #...# #.##.#
##.@#####.##.#
#.>......##.#
###########.#######
######......##....
###......###.....###
#...########.))#####
#.#####........#....
#.....#.#####..#.###
#####..##.#...#.........


You could see Ijyb.

Vanquished Creatures
  Grinder (D:3)
  A jelly (D:3)
  A bullfrog skeleton (D:3)
  Natasha (D:3)
  6 gnolls (D:3)
  2 adders (D:2)
  An ooze (D:1)
  2 worms (D:2)
  A dart slug (D:3)
  8 leopard geckos
  6 giant cockroaches
  7 goblins
  4 hobgoblins
  2 jackals (D:3)
  7 bats
  3 frilled lizards
  8 kobolds
  5 rats
66 creatures vanquished.

Notes
Turn   | Place    | Note
-------+----------+-------------------------------------------
     0 | D:1      | esteth the Minotaur Fighter began the quest for the Orb.
     0 | D:1      | Reached XP level 1. HP: 19/19 MP: 0/0
    10 | D:1      | Reached skill level 3 in Axes
   137 | D:1      | Reached XP level 2. HP: 21/26 MP: 1/1
   510 | D:1      | Reached skill level 4 in Axes
   716 | D:2      | Reached XP level 3. HP: 28/31 MP: 2/2
  1058 | D:2      | Reached skill level 5 in Axes
  1336 | D:2      | Found a burning altar of Makhleb.
  1338 | D:2      | Found a bloodstained altar of Trog.
  1338 | D:2      | Found an opulent altar of Gozag.
  1338 | D:2      | Found a shimmering altar of Xom.
  1351 | D:2      | Became a worshipper of Makhleb the Destroyer
  1416 | D:2      | Found a shadowy altar of Dithmenos.
  1518 | D:2      | Reached XP level 4. HP: 39/39 MP: 3/3
  1803 | D:3      | Reached skill level 6 in Axes
  2045 | D:3      | Reached XP level 5. HP: 37/45 MP: 4/4
  2078 | D:3      | Noticed Natasha
  2085 | D:3      | Killed Natasha
  2214 | D:3      | Reached skill level 7 in Axes
  2226 | D:3      | Reached * piety under Makhleb
  2450 | D:3      | Noticed Grinder
  2459 | D:3      | Killed Grinder
  2459 | D:3      | Reached skill level 8 in Axes
  2459 | D:3      | Reached XP level 6. HP: 37/51 MP: 5/5
  2847 | D:3      | Found a blossoming altar of Fedhas.
  2847 | D:3      | Noticed Ijyb
  2860 | D:3      | Killed from afar by Ijyb

Vault maps used:
D:1:      dpeg_arrival_shelter, minmay_crystal_water
D:2:      grunt_temple_overflow_open, nicolae_dithmenos_through_a_glass_darkly
D:3:      fedhas_altar_fruit_tree, first_bread, uniq_ijyb, uniq_natasha,
          uniq_grinder

Skill      XL: |  1  2  3  4  5 |
---------------+----------------+-----
Axes           | 3 4 5 6 8 |  8.7
Fighting       | |  3.6
Armour         | |  3.6
Shields        | |  3.6

Action                   |  1- 3 |  4- 6 || total
-------------------------+-------+-------++-------
Melee: War axe           |   118 |    85 ||   203
       Headbutt          |    14 |    11 ||    25
  Use: Potion            |       |     2 ||     2
  Eat: Chunk             |     2 |     4 ||     6
Armor: Scale mail        |    45 |    26 ||    71
Dodge: Dodged            |    39 |    17 ||    56
Block: Shield            |    79 |    35 ||   114
